 Dungeon Crawl Stone Soup version 0.30.1-1-g62c8e00024 (webtiles) character file.

Game seed: 5812679377135787379

2424 Gorgoleon the Geomancer (level 9, -9/45 HPs)
             Began as a Gargoyle Earth Elementalist on July 18, 2023.
             Was a Believer of Vehumet.
             Mangled by Duvessa
             ... wielding a +0 rapier
              (15 damage)
             ... on level 7 of the Dungeon.
             The game lasted 00:35:25 (6533 turns).

Gorgoleon the Geomancer (GrEE)                      Turns: 6533, Time: 00:35:26

Health: -9/45      AC: 12    Str: 12    XL:     9   Next: 48%
Magic:  12/15      EV: 12    Int: 20    God:    Vehumet [**....]
Gold:   386        SH:  0    Dex: 10    Spells: 5/16 levels left

rFire   . . .        v - +3 whip (drain)
rCold   . . .        (no shield)
rNeg    + . .        a - +1 robe
rPois   ∞            (no helmet)
rElec   +            o - +0 cloak
rCorr   .            e - +0 pair of gloves
SInv    .            u - +0 pair of boots
Will    .....        (no amulet)
Stlth   ++           (no ring)
HPRegen 0.27/turn    (no ring)
MPRegen 0.14/turn

%: no passive effects
@: no status effects
A: sickness immunity, AC +6, negative energy resistance 1, electricity
resistance, torment resistance 1, petrification resistance
a: Renounce Religion


You were on level 7 of the Dungeon.
You worshipped Vehumet.
Vehumet was pleased with you.
You visited 2 branches of the dungeon, and saw 8 of its levels.
You also visited: Ossuary.

You collected 386 gold pieces.

Inventory:

Hand Weapons
 v - a +3 whip of draining (weapon)
Missiles
 f - 73 stones
Armour
 a - a +1 robe (worn)
 e - a +0 pair of gloves (worn)
 g - a scarf of repulsion
 o - a +0 cloak (worn)
 u - a +0 pair of boots (worn)
Jewellery
 m - a ring of resist corrosion
Wands
 q - a wand of charming (8)
Scrolls
 c - 3 scrolls of teleportation
 k - 3 scrolls of fear
 l - a scroll of blinking
 z - a scroll of poison
Potions
 b - a potion of magic
 d - a potion of heal wounds
 h - 4 potions of curing
 i - 5 potions of mutation {unknown}
 j - a potion of berserk rage
 p - 3 potions of flight {unknown}
 r - 4 potions of lignification
 s - 2 potions of might
 t - 4 potions of degeneration {unknown}
 w - a potion of brilliance
 x - 2 potions of attraction
 A - 2 potions of resistance


   Skills:
 * Level 2.4 Dodging
 - Level 2.1 Stealth
 * Level 4.1 Spellcasting
 * Level 4.5 Conjurations
 - Level 0.7 Transmutations
 * Level 4.1 Fire Magic
 + Level 12.1 Earth Magic


You had 5 spell levels left.
You knew the following spells:

 Your Spells              Type           Power      Damage    Failure   Level
a - Sandblast             Erth           100%       2d20      1%          1
b - Foxfire               Conj/Fire      84%        2x1d8     2%          1
c - Stone Arrow           Conj/Erth      74%        3d11      1%          3
d - Fireball              Conj/Fire      10%        3d6       52%         5
e - Freeze                Ice            16%        1d4       13%         1

Your spell library contained the following spells:

 Spells                   Type           Power      Damage    Failure   Level
 Static Discharge         Conj/Air       26%        2-4/arc   8%          2
 Magic Dart               Conj           88%        1d7       1%          1
 Passwall                 Tmut/Erth      24%        N/A       1%          2
 Kiss of Death            Conj/Necr      52%        2d9       4%          1
 Shock                    Conj/Air       52%        1d6       4%          1
 Petrify                  Tmut/Erth      29%        N/A       9%          4
 Animate Armour           Summ/Erth      56%        N/A       11%         4
 Sticky Flame             Conj/Fire      21%        2d4       22%         4
 Confusing Touch          Hex            4%         N/A       36%         3
 Dispel Undead            Necr           4%         3d7       77%         4
 Starburst                Conj/Fire      10%        6d5       97%         6
 Plasma Beam              Fire/Air       6%         2x1d18    100%        6
 Lehudib's Crystal Spear  Conj/Erth      18%        10d6      100%        8


Dungeon Overview and Level Annotations

Branches:
Dungeon (7/15)             Temple (1/1) D:5         Ossuary (visited)

Altars:
Cheibriados
Dithmenos
Elyvilon
Gozag
Kikubaaqudgha
Makhleb
Nemelex Xobeh
Qazlal
Sif Muna
Uskayaw
Vehumet
Wu Jian
Xom
Yredelemnul
The Shining One

Shops:
D:5 ?

Annotations:
D:7 Duvessa


Innate Abilities, Weirdness & Mutations

You are immune to sickness and miasma.
Your stone body is resilient. (AC +6)
You are immune to poison.
You resist negative energy. (rN+)
You are resistant to electric shocks. (rElec)
You are resistant to unholy torment.
You are immune to petrification.


Message History

You kill the killer bee!
Vehumet accepts your kill.
A killer bee comes into view.
Duvessa, Sister of Dowan comes into view.
She is wielding a +0 rapier.
Aiming: Sandblast (safe; 1% risk of failure)
Press: ? - help, Q - select action, (/) - cycle Shift-Dir - straight line, f - killer bee
Aim: a killer bee (wandering, hasn't noticed you, 70% to hit)
The blast of sand misses the killer bee.
Duvessa shouts!
The killer bee buzzes angrily.
Duvessa goes berserk!
The killer bee closely misses you.
Aiming: Sandblast (safe; 1% risk of failure)
Press: ? - help, Q - select action, (/) - cycle Shift-Dir - straight line, f/p - killer bee
Aim: a killer bee (70% to hit)
The blast of sand hits the killer bee!
The killer bee is almost dead.
The killer bee stings you.
The killer bee stings you but does no damage.
The killer bee barely misses you.
Aiming: Sandblast (safe; 1% risk of failure)
Press: ? - help, Q - select action, (/) - cycle Shift-Dir - straight line, f/p - killer bee
Aim: a killer bee (almost dead, 70% to hit)
The blast of sand misses the killer bee.
The killer bee barely misses you. x2; Duvessa hits you with a +0 rapier.
The killer bee stings you but does no damage.
Duvessa hits you with a +0 rapier.
Blink to where?
Press: ? - help, Dir - move target, p - killer bee
As you read the scroll of blinking, it crumbles to dust.
You hear a shout!
You hear an angry buzzing noise.
Aiming: Sandblast (safe; 1% risk of failure)
Press: ? - help, Q - select action, (/) - cycle Shift-Dir - straight line, f - Duvessa
Aim: Duvessa, wielding a +0 rapier and wearing a +0 leather armour (berserk, 87% to hit)
The blast of sand hits Duvessa!
Duvessa is moderately wounded.
Duvessa hits you with a +0 rapier!! Duvessa hits you with a +0 rapier!
* * * LOW HITPOINT WARNING * * *
Duvessa attacks as you move away! Duvessa hits you with a +0 rapier!
You die...

#8.....8# #........#.###,,
##.....## #............',,
############...........##,, #.#
#..................,,,
########.#######.#.............,,
<......................##.....#*,
########.#............##,,~~~,,*,
#......#...#.##....#,~~~~~,*,
#..........#@##....#,~~~~~,**
#.........##e##....#,~~~~~,*,
#......(...........#,,~~~,,*,
####.........##....#8,,∩,,8*,
##'##...#####....#######**,
#...#...# #..e...##..#,*,
#...#...## #.##...##..#,,,
#...##...# #.##....†..#,*<
##'###...# #.....†###)#,*,


You could see Duvessa (berserk).

Vanquished Creatures
  Menkaure (D:7)
  A sky beast (D:7)
  3 black bears
  3 ogres
  A phantom (D:4)
  A gnoll sergeant (D:7)
  3 scorpions
  Dowan (D:7)
  2 water moccasin zombies (Ossuary)
  8 killer bees (D:7)
  A howler monkey (D:4)
  5 hounds
  3 orc priests (D:5)
  A sleepcap (D:3)
  An iguana (D:5)
  12 orc wizards
  2 mummies (Ossuary)
  Robin (D:2)
  6 adders
  4 gnolls (D:7)
  A shadow imp (D:6)
  A white imp (D:5)
  2 ufetubi
  2 adder zombies (Ossuary)
  A worm (D:2)
  2 dart slugs
  29 orcs
  11 endoplasms
  2 giant cockroaches (D:1)
  5 gnoll zombies (Ossuary)
  13 goblins
  6 hobgoblins
  2 jackals (D:3)
  4 quokkas
  7 ball pythons
  5 bats
  2 frilled lizards
  5 hobgoblin zombies (Ossuary)
  7 kobolds
  8 kobold zombies (Ossuary)
  3 orc zombies (Ossuary)
  5 rats
183 creatures vanquished.

Vanquished Creatures (collateral kills)
  A foxfire (D:2)
1 creature vanquished.

Vanquished Creatures (others)
  9 foxfires
9 creatures vanquished.

Grand Total: 193 creatures vanquished

Notes
Turn   | Place    | Note
-------+----------+-------------------------------------------
     0 | D:1      | Gorgoleon the Gargoyle Earth Elementalist began the quest
                  | for the Orb.
     0 | D:1      | Reached XP level 1. HP: 10/10 MP: 3/3
   114 | D:1      | Reached skill level 4 in Earth Magic
   195 | D:1      | Reached XP level 2. HP: 15/15 MP: 3/5
   538 | D:1      | Reached XP level 3. HP: 19/19 MP: 4/6
   575 | D:1      | Reached skill level 5 in Earth Magic
   587 | D:1      | Learned a level 1 spell: Foxfire
   591 | D:1      | Learned a level 3 spell: Stone Arrow
  1074 | D:2      | Noticed Robin
  1218 | D:2      | Found a faded altar of an unknown god.
  1233 | D:2      | Found a snail-covered altar of Cheibriados.
  1723 | D:2      | Killed Robin
  1724 | D:2      | Reached XP level 4. HP: 15/24 MP: 0/7
  1824 | D:2      | Got Ityimag's Octavo of Momentum and Incineration
  2260 | D:3      | Reached skill level 1 in Conjurations
  2495 | D:3      | Reached skill level 1 in Fire Magic
  3021 | D:4      | Reached skill level 6 in Earth Magic
  3021 | D:4      | Reached XP level 5. HP: 28/28 MP: 3/8
  3128 | D:4      | Found a stormy altar of Qazlal.
  3197 | D:4      | Noticed an ogre
  3203 | D:4      | Killed an ogre
  3204 | D:4      | Reached skill level 7 in Earth Magic
  3204 | D:4      | Reached XP level 6. HP: 32/32 MP: 4/9
  3415 | D:4      | Found a glowing golden altar of the Shining One.
  3915 | D:5      | Entered Level 5 of the Dungeon
  3942 | D:4      | Reached skill level 8 in Earth Magic
  3951 | D:5      | Noticed a black bear
  4028 | D:5      | Found Fokhe's Magic Scroll Emporium.
  4087 | D:4      | Reached XP level 7. HP: 33/36 MP: 5/10
  4141 | D:5      | Reached skill level 9 in Earth Magic
  4290 | D:5      | Found a staircase to the Ecumenical Temple.
  4322 | Temple   | Entered the Ecumenical Temple
  4327 | Temple   | Became a worshipper of Vehumet
  4518 | D:5      | You fall into a shaft and drop 1 floor!
  4541 | D:6      | Reached skill level 10 in Earth Magic
  4541 | D:6      | Reached XP level 8. HP: 30/41 MP: 5/11
  4732 | D:5      | Learned a level 5 spell: Fireball
  4960 | D:5      | Reached skill level 11 in Earth Magic
  5514 | D:7      | Found a shimmering altar of Xom.
  5796 | D:7      | Reached * piety under Vehumet
  5796 | D:7      | Offered knowledge of Freeze by Vehumet.
  5807 | D:7      | Noticed Menkaure
  5848 | D:7      | Reached XP level 9. HP: 45/45 MP: 8/13
  5853 | D:7      | Killed Menkaure
  5858 | D:7      | Learned a level 1 spell: Freeze
  6041 | D:7      | Found a sand-covered staircase.
  6050 | Ossuary  | Entered an ossuary
  6262 | Ossuary  | Offered knowledge of Static Discharge by Vehumet.
  6263 | Ossuary  | Reached ** piety under Vehumet
  6333 | D:7      | Reached skill level 12 in Earth Magic
  6477 | D:7      | Noticed Dowan
  6478 | D:7      | Killed Dowan
  6520 | D:7      | Noticed Duvessa
  6533 | D:7      | Mangled by Duvessa

Illustrated notes

Levels and vault maps discovered:
D:1:      lightli_arrival_noodles, layout_loops_ring, minmay_pentomino_u2
D:2:      layout_basic, basic_altar, ebering_ecumenical_altar_petrified,
          uniq_robin
D:3:      layout_basic, grunt_ministairs_6, kennysheep_flooded_box
D:4:      layout_cave_pools, tso_oasis_becter, grunt_qazlal_sundering
D:5:      layout_gridville, temple_pool_b, serial_shops,
          nicolae_shop_hallway_stairs
D:6:      layout_rooms
D:7:      kb_forest_paths, layout_basic, mainiacjoe_overflow_tiny_flanked,
          mainiacjoe_overflow_alcove_3, serial_shops, nicolae_lakefront_shop,
          chequers_ossuary_entry_cave, uniq_menkaure, uniq_duvessa
Temple:   nicolae_temple_ecumenical_triangle

Skill      XL: |  1  2  3  4  5  6  7  8  9 |
---------------+----------------------------+-----
Earth Magic    | 4 5 6 7 8 10 11 12 | 12.1
Conjurations   | 1 2 4 |  4.5
Fire Magic     | 1 2 3 4 |  4.1
Spellcasting   | 4 |  4.1
Dodging        | 2 |  2.4
Stealth        | |  2.1
Transmutations | |  0.7

Action                     |  1- 3 |  4- 6 |  7- 9 || total
---------------------------+-------+-------+-------++-------
  Melee: Unarmed           |     2 |       |       ||     2
         Club              |    23 |    12 |       ||    35
         Whip              |       |     2 |   113 ||   115
         Punch             |       |       |     4 ||     4
  Throw: Stone             |     6 |    10 |     9 ||    25
   Cast: Sandblast         |    58 |    78 |   115 ||   251
         Foxfire           |     4 |     1 |     2 ||     7
    Use: Scroll            |       |     9 |    10 ||    19
         Potion            |       |       |     1 ||     1
   Stab: Sleeping          |     1 |       |       ||     1
 Armour: Robe              |    24 |    33 |    66 ||   123
  Dodge: Dodged            |    36 |    43 |    88 ||   167
